AoeStats
← rodrigoalex3500

Lombardia

508787730Analyzed
4v4 RM · 9d ago on Sep 24, 2026· 67m 52s· 8 players
Game mode
Random Map
Map size
Large (8 player)
Population
200
Speed
Normal
Resources
Standard
Victory
Conquest
Starting age
Dark Age
Ending age
Imperial Age
RankedLock teamsTeams togetherTeam positionsShared explorationLock speedFull tech treeHidden civsTurbo modeCheats
Victory
Defeat
🇨🇱 Japanese · Chile
916
+14
🇺🇸 Burgundians · United States
904
+15
🇧🇷 Vikings · Brazil
897
+15
🇨🇱 Celts · Chile
867
+16
🇺🇸 Romans · United States
918
-16
🇨🇳 Saxons · China
904
-16
🇸🇬 Huns · Singapore
868
-15
🇨🇳 Maya · China
832
-13
MrMike26786
11:24 Feudal Age
12:08 Loom
17:48 Castle Age
17:25 Double-Bit Axe
18:39 Bow Saw
18:57 Gold Mining
21:07 Two-Man Saw
20:41 Stone Mining
23:59 Fervor
25:16 Town Watch
28:27 Wheelbarrow
27:44 Horse Collar
30:06 Hand Cart
32:09 Caravan
32:20 Guilds
32:18 Fletching
33:11 Murder Holes
33:38 Ballistics
32:59 Treadmill Crane
38:18 Imperial Age
35:52 Heavy Plow
36:28 Fortified Wall
36:30 Scale Barding Armor
36:36 Forging
38:34 Elite Coustillier
39:51 Hoardings
39:24 Burgundian Vineyards
42:36 Chemistry
41:22 Arrowslits
41:49 Masonry
41:35 Man-at-Arms
42:15 Squires
42:02 Arson
41:39 Pikeman
44:38 Chain Barding Armor
44:54 Iron Casting
44:16 Bodkin Arrow
50:04 Long Swordsman
52:08 Plate Barding Armor
51:34 Bracer
52:35 Blast Furnace
51:36 Scale Mail Armor
51:37 Padded Archer Armor
52:12 Architecture
53:48 Husbandry
53:55 Cavalier
54:34 Light Cavalry
55:57 Paladin
58:46 Leather Archer Armor
60:06 Hussar
65:13 Crop Rotation
65:11 Bombard Tower
TILONXO
1:29 Loom
10:49 Feudal Age
14:49 Double-Bit Axe
17:17 Castle Age
15:49 Horse Collar
25:19 Fervor
28:37 Sanctity
30:50 Imperial Age
30:00 Bow Saw
30:35 Wheelbarrow
29:45 Town Watch
31:33 Hand Cart
31:19 Town Patrol
32:04 Light Cavalry
32:45 Husbandry
33:44 Forging
33:34 Scale Mail Armor
33:59 Scale Barding Armor
34:58 Conscription
34:42 Stronghold
35:01 Hussar
36:45 Gambesons
36:46 Arson
36:26 Pikeman
38:45 Iron Casting
38:31 Chain Barding Armor
38:03 Fletching
40:55 Halberdier
42:57 Blast Furnace
41:53 Bodkin Arrow
41:39 Man-at-Arms
44:00 Heavy Plow
44:38 Hoardings
44:36 Heavy Mounted Crossbowman
45:16 Heavy Scorpion
46:02 Elite Woad Raider
47:38 Onager
50:16 Ballistics
50:57 Chemistry
50:02 Siege Engineers
50:18 Scale Mail Armor
50:19 Padded Archer Armor
60:30 Chain Mail Armor
60:30 Leather Archer Armor
61:23 Crossbowman
61:23 Elite Skirmisher
62:27 Heresy
62:19 Furor Celtica
61:40 Sappers
62:03 Gold Mining
62:04 Stone Mining
63:51 Ring Archer Armor
63:51 Plate Mail Armor
68:03 Gold Shaft Mining
68:03 Stone Shaft Mining
67:47 Masonry
67:34 Murder Holes
67:49 Fortified Wall
67:30 Guard Tower
67:31 Heated Shot
67:27 Arrowslits
lagartocomfome
1:51 Loom
10:58 Feudal Age
11:26 Double-Bit Axe
11:25 Horse Collar
18:41 Gold Mining
20:52 Town Watch
21:01 Stone Mining
23:48 Castle Age
22:00 Forging
24:32 Caravan
24:45 Bow Saw
25:24 Gold Shaft Mining
26:00 Heavy Plow
27:16 Iron Casting
26:42 Scale Mail Armor
27:32 Squires
27:17 Arson
30:53 Chain Mail Armor
33:58 Murder Holes
36:11 Chieftains
36:29 Fletching
36:53 Masonry
37:05 Ballistics
39:08 Coinage
38:28 Treadmill Crane
38:52 Bodkin Arrow
41:57 Imperial Age
41:53 Town Patrol
42:00 Elite Varangian Guard
43:42 Blast Furnace
43:12 Plate Mail Armor
43:05 Conscription
43:24 Hoardings
44:45 Bracer
46:26 Architecture
46:05 Siege Engineers
47:01 Chemistry
47:39 Scale Barding Armor
47:34 Padded Archer Armor
63:04 Leather Archer Armor
63:10 Chain Barding Armor
62:58 Elite Berserk
69:24 Two-Man Saw
rodrigoalex3500
0:36 Loom
10:17 Feudal Age
11:37 Wheelbarrow
10:47 Town Watch
10:53 Double-Bit Axe
11:32 Horse Collar
12:31 Town Watch
16:37 Gold Mining
23:19 Castle Age
24:37 Bow Saw
24:29 Town Patrol
25:33 Stone Mining
25:48 Heavy Plow
28:44 Hand Cart
28:50 Hand Cart
29:18 Gold Shaft Mining
34:16 Ballistics
38:18 Imperial Age
37:52 Fletching
38:02 Padded Archer Armor
37:51 Gambesons
38:06 Squires
37:51 Arson
37:28 Pikeman
37:35 Elite Skirmisher
38:25 Thumb Ring
38:52 Scale Mail Armor
39:03 Forging
38:48 Bodkin Arrow
38:59 Scale Barding Armor
40:19 Chemistry
38:51 Elite Samurai
39:29 Heavy Cavalry Archer
40:35 Parthian Tactics
41:19 Two-Man Saw
40:46 Yasama
42:40 Chain Barding Armor
42:56 Iron Casting
42:36 Leather Archer Armor
42:37 Chain Mail Armor
45:50 Chain Mail Armor
45:56 Caravan
46:26 Coinage
48:09 Ring Archer Armor
47:39 Bracer
48:18 Bracer
49:19 Blast Furnace
49:28 Blast Furnace
48:58 Plate Mail Armor
50:37 Coinage
50:41 Plate Mail Armor
50:01 Crossbowman
53:05 Kataparuto
53:20 Hoardings
52:21 Arbalester
53:48 Conscription
M3TAL JUNKI3xXx
0:46 Loom
13:02 Feudal Age
13:32 Double-Bit Axe
13:34 Horse Collar
13:44 Town Watch
15:49 Fletching
26:41 Castle Age
24:48 Stone Mining
24:58 Gold Mining
26:08 Wheelbarrow
25:53 Scale Mail Armor
26:06 Man-at-Arms
26:59 Forging
27:32 Bow Saw
27:26 Heavy Plow
28:05 Gold Shaft Mining
27:31 Pikeman
28:12 Squires
29:40 Hand Cart
32:12 Town Patrol
35:12 Imperial Age
33:45 Chain Mail Armor
33:28 Guard Tower
34:17 Ballistics
33:54 Murder Holes
33:53 Long Swordsman
37:32 Ballistas
37:14 Legionary
38:02 Heavy Scorpion
40:57 Iron Casting
40:32 Bodkin Arrow
41:22 Conscription
41:04 Capped Ram
45:52 Masonry
47:16 Chemistry
49:08 Blast Furnace
49:40 Caravan
49:52 Guilds
51:38 Comitatenses
51:34 Siege Engineers
51:24 Siege Ram
55:51 Keep
57:20 Architecture
Soldaris
3:29 Loom
10:38 Feudal Age
11:07 Double-Bit Axe
11:59 Wheelbarrow
11:47 Horse Collar
13:40 Gold Mining
15:31 Stone Mining
21:25 Castle Age
22:18 Bow Saw
22:10 Heavy Plow
22:28 Hand Cart
27:45 Gold Shaft Mining
27:49 Murder Holes
36:55 Imperial Age
34:36 Town Watch
35:02 Forging
34:58 Scale Barding Armor
34:38 Pikeman
35:19 Squires
35:53 Ballistics
35:44 Masonry
36:03 Elite Skirmisher
38:00 Conscription
37:34 Fletching
38:20 Iron Casting
38:06 Chain Barding Armor
37:28 Halberdier
38:28 Bloodlines
38:19 Husbandry
39:22 Chemistry
38:20 Bodkin Arrow
太原老登
3:23 Loom
11:35 Feudal Age
16:54 Castle Age
15:29 Double-Bit Axe
15:50 Man-at-Arms
16:44 Arson
25:00 Horse Collar
27:57 Murder Holes
28:32 Heavy Plow
29:13 Squires
30:30 Wheelbarrow
29:59 Town Watch
30:34 Gold Mining
34:13 Imperial Age
32:02 Forging
32:49 Gold Shaft Mining
32:43 Caravan
34:05 Hand Cart
33:55 Town Patrol
34:21 Elite Varangian Guard
35:39 Conscription
35:05 Capped Ram
35:30 Shield Wall
37:05 Bow Saw
38:04 Iron Casting
37:31 Scale Mail Armor
37:00 Siege Ram
37:38 Elite Hearth Troop
38:54 Hoardings
38:36 Masonry
40:12 Two-Man Saw
41:24 Chain Mail Armor
40:39 Pikeman
41:35 Halberdier
42:49 Plate Mail Armor
42:11 Fletching
44:08 Architecture
45:26 Bodkin Arrow
45:38 Siege Engineers
46:26 Clerical Recruitment
48:36 Guilds
49:20 Bracer
50:23 Chemistry
49:43 Ballistics
50:44 Arrowslits
50:43 Treadmill Crane
51:27 Stone Mining
54:00 Padded Archer Armor
54:14 Fortified Wall
54:45 Elite Skirmisher
該死的安倍晉三
0:39 Loom
11:17 Feudal Age
12:48 Wheelbarrow
12:07 Horse Collar
12:16 Double-Bit Axe
18:56 Castle Age
18:31 Stone Mining
18:33 Gold Mining
20:13 Hand Cart
22:37 Heavy Plow
25:42 Bow Saw
28:12 Treadmill Crane
28:53 Ballistics
30:07 Stone Shaft Mining
30:12 Caravan
30:49 Fletching
34:54 Imperial Age
35:13 Squires
34:35 Pikeman
36:39 Chemistry
36:11 Crop Rotation
36:45 Two-Man Saw
35:14 Eagle Warrior
35:54 Bodkin Arrow
35:59 Padded Archer Armor
36:00 Scale Mail Armor
37:11 Conscription
37:23 Masonry
36:47 Elite Plumed Archer
37:49 Halberdier
39:56 Coinage
40:19 Holcans
39:59 Bracer
41:03 Leather Archer Armor
41:23 Architecture
40:40 Elite Eagle Warrior
41:39 Thumb Ring
55:03 Ring Archer Armor
55:13 Holcans
Connection lost

Rejoining the realm…

Still unreachable

The connection could not be restored.

Session expired

The server has moved on; the page needs a fresh start.